Zazza, neutral female human Tourist ----- ------ |....### --------------- ---- |....| |...| # #+.>...........| |..| |....| |...| ###|..............######### |..| |....| --.-- #........{.....| ---- #.....| # #-------------%- ###-.---- ### ## ####### # ## # # # # ### # # # ## ######### # ### # # # -|-----------############################ # ------------# |.^...<..(...#####-.--------- ###### |..........|# |.BD........| #..........| --------------- |..........|# |@...........#####|.........| |.............| |..........+# ------------- |.........-###### |.............| |..........| |.........| # |.............| |..........| ----------- ##+.............| |..........| |.............| ------------ --------------- Zazza the Rambler Experience level: 1 Strength: 13 Dexterity: 11 Constitution: 13 Intelligence: 15 Wisdom: 10 Charisma: 13 Health: 0(7) Energy: 2(2) Def: 2 Gold: 145 Moves: 1109 Dungeon seed: 71Q4Nq30PUePein2 Game ID: Zazza_1619099104 Your Inventory: Coins $ - 145 gold pieces Weapons a - 32 +2 darts (in quiver) Armor e - an uncursed +0 Hawaiian shirt (being worn) n - an uncursed +1 orcish helm (being worn) Comestibles b - 7 uncursed food rations c - 2 uncursed fortune cookies d - an uncursed lembas wafer f - an uncursed tin of newt meat g - 2 uncursed oranges q - an uncursed candy bar Scrolls i - an uncursed scroll of magic mapping o - an uncursed scroll of light p - a cursed scroll of enchant armor w - an uncursed scroll of enchant weapon Spellbooks s - an uncursed spellbook of slow monster Potions h - an uncursed potion of extra healing x - an uncursed potion of gain energy Wands m - a wand of polymorph (0:1) y - a wand of magic missile (0:5) A - a wand of sleep (0:5) Tools k - an expensive camera (0:55) l - an uncursed credit card t - an uncursed mirror u - a +0 pick-axe v - an uncursed tin opener Spells and supernatural/magical abilities: Name Level Category Fail Memory W - pray for help -- divine ? -- Your skills at the end: Fighting Skills Weapon Skills dart [Basic] Spellcasting Skills Final Attributes: You were stridently aligned. You are dead. Vanquished creatures: 2 giant rats a brown mold a gnome zombie 6 jackals a kobold a goblin 2 grid bugs a kobold zombie 2 newts 17 creatures vanquished. Voluntary challenges: You never hit with a wielded weapon. You read items or engraved 6 times, starting on turn 414. You never genocided any monsters. You never polymorphed an object. You never changed form. You used no wishes. You never split a pudding. You wrote Elbereth's name 2 times, starting on turn 538. You never violated your personal moral code. Dungeon overview: The Dungeons of Doom: levels 1 to 4 Level 1 a long staircase Level 2 Level 3 a hardware shop, a fountain Level 4 <- You were here a fountain History has recorded: On T:1 you entered the Dungeons of Doom to retrieve the Amulet of Yendor! On T:565 you reached level 2 of The Dungeons of Doom. On T:683 you reached level 3 of The Dungeons of Doom. On T:1047 you reached level 4 of The Dungeons of Doom. Score breakdown: Gold: 0 ( 0 points) Experience: 1 level ( 0 points) Exploration: 4 levels ( 8.00%) ( 7423 points) Discoveries: 5 items ( 1.68%) ( 3885 points) Valuables value: (no points given unless you survive) Artifact value: 0 ( 0 points) Variety of kills: 9 monsters ( 2.36%) ( 4610 points) Turncount: 1109 turns ( 0 points) Survival: died (score multiplied by 80%) Total score: 12734 Latest messages: The sleep ray bounces! As you read the scroll, it disappears. A map coalesces in your mind! A tower of flame erupts from the floor! The door resists! The door opens. You see a door open. You miss the kobold. You kill the kobold! There is an open door here. There are a few objects here. You hit the bat. The bat bites! (2x) You are beginning to feel weak. You feel much better. The bat bites! The bat misses. The bat bites! (2x) You hear the footsteps of a guard on patrol. The bat bites! You die... Final status: Aloha Zazza the Tourist, killed by a bat... You died in The Dungeons of Doom on dungeon level 4 with 12734 points, and 145 pieces of gold, after 1109 moves. You were level 1 with a maximum of 7 hit points when you died.